 Dungeon Crawl Stone Soup version 0.17-a0-1646-geb1493d (webtiles) character file.

180110 karlkraus the Hoplite (level 17, 0/157 HPs)
             Began as a Minotaur Fighter on Aug 10, 2015.
             Was the Champion of Qazlal.
             Killed from afar by a starcursed mass (8 damage)
             ... with an accursed screaming
             ... on level 1 of the Abyss.
             The game lasted 02:19:57 (27510 turns).

karlkraus the Hoplite (Minotaur Fighter)           Turns: 27510, Time: 02:19:57

Health: 0/157      AC: 37    Str: 22      XL:     17   Next: 63%
Magic:  16/16      EV: 13    Int: 11      God:    Qazlal [******]
Gold:   2706       SH: 32    Dex: 17 (18) Spells: 0 memorised, 16 levels left

rFire  + + .     SeeInvis .     v - +8 flail of the Rattle-Snake {venom, rElec rN+ Int+4}
rCold  + + +     Clarity  +     b - +4 gold dragon armour
rNeg   + + .     SustAt   .     J - +0 large shield
rPois  +         Gourm    .     (helmet unavailable)
rElec  +         Spirit   .     H - +0 cloak
rCorr  +         Warding  +     Y - +1 pair of gloves
rMut   .         Stasis   .     i - +0 pair of boots
MR     +....                    P - amulet of warding
Stlth  ..........               j - +5 ring of evasion
                                g - +5 ring of protection

@: resistant, protected from physical damage, very slightly contaminated,
non-regenerating, badly diseased, repel missiles, invisible, somewhat resistant
to hostile enchantments, extremely unstealthy
A: retaliatory headbutt, horns 3, thin skeletal structure 1, agile 1, clarity,
clever 1, cold resistance 1, spit poison 1, weak 1
a: Spit Poison, Upheaval, Elemental Force, Disaster Area, Renounce Religion


You were on level 1 of the Abyss.
You worshipped Qazlal.
Qazlal was exalted by your worship.
You were hungry.

You visited 6 branches of the dungeon, and saw 32 of its levels.
You visited the Abyss 1 time.
You also visited: Sewer, Ice Cave and Volcano.

You collected 3686 gold pieces.
You spent 980 gold pieces at shops.

Inventory:

Hand weapons
 n - the +7 glaive of Unoeh {venom, rF+ rN+}
   (You found it in an ice cave)

   It poisons the flesh of those it strikes.
   It protects you from fire.
   It protects you from negative energy.
 v - the +8 flail of the Rattle-Snake (weapon) {venom, rElec rN+ Int+4}
   (You found it in a sewer)

   It poisons the flesh of those it strikes.
   It affects your intelligence (+4).
   It insulates you from electricity.
   It protects you from negative energy.
 w - a +6 mace of draining
 K - a +6 morningstar of protection
Armour
 b - a +4 gold dragon armour (worn)
 i - a +0 pair of boots (worn)
 H - a +0 cloak (worn)
 J - a +0 large shield (worn)
 Y - a +1 pair of gloves (worn)
Jewellery
 g - a +5 ring of protection (left hand)
 j - a +5 ring of evasion (right hand)
 u - an uncursed amulet of resist corrosion
 P - an amulet of warding (around neck)
 V - an uncursed ring of positive energy
Magical devices
 c - a wand of frost (22)
 p - a wand of cold (10)
 G - a wand of teleportation (4)
 I - a wand of frost (22)
 N - a wand of fire (5)
 Q - a wand of flame (40)
 T - a wand of lightning (2)
Scrolls
 h - 10 scrolls of remove curse
 k - a scroll of holy word {unknown}
 l - 5 scrolls of blinking
 B - 10 scrolls of teleportation
 D - 3 scrolls of fog
 W - a scroll of magic mapping
 X - 2 scrolls of identify
Potions
 a - 3 potions of lignification
 d - 5 potions of might
 f - 8 potions of flight
 m - a potion of agility
 o - 4 potions of curing
 s - 5 potions of haste
 x - 3 potions of cancellation
 C - 3 potions of resistance
 O - 3 potions of berserk rage
 U - a potion of magic
Miscellaneous
 E - a fan of gales (inert)
 L - a lamp of fire
Comestibles
 e - 12 bread rations
 t - 21 fruits
 z - 12 meat rations
 A - 10 slices of pizza
 M - 4 beef jerkies


   Skills:
 + Level 15.7 Fighting
 + Level 19.3 Maces & Flails
 + Level 14.0 Armour
 + Level 9.2 Dodging
 - Level 0.5 Stealth
 + Level 21.5 Shields
 + Level 1.3 Unarmed Combat
 + Level 1.1 Invocations
 + Level 0.1 Evocations


You had 16 spell levels left.
You didn't know any spells.

Dungeon Overview and Level Annotations

Branches:
Dungeon (15/15)            Temple (1/1) D:4            Lair (8/8) D:11
  Swamp (0/4) Lair:5        Snake (0/4) Lair:5        Slime (1/6) Lair:8
    Orc (4/4) D:11            Elf (3/3) Orc:3        Vaults (0/5) D:14
 Depths (0/5) D:15

Altars:
Ashenzari
Dithmenos
Elyvilon
Gozag
Kikubaaqudgha
Makhleb
Nemelex Xobeh
Okawaru
Qazlal
Ru
Trog
Vehumet
Xom
Yredelemnul
The Shining One
Beogh

Shops:
D:10 [(   D:13 }   Orc:2 %   Orc:4 [::!   Elf:3 *


Innate Abilities, Weirdness & Mutations

You reflexively headbutt those who attack you in melee.
You have a pair of large horns on your head.
You have a somewhat thin skeletal structure (Dex +2, Stealth).
You are agile. (Dex +2)
You possess an exceptional clarity of mind.
Your mind is acute. (Int +2)
Your flesh is cold resistant.
You can spit weak poison.
You are weak. (Str -2)


Message History

You feel strangely stable.
Evoking this partially-identified wand wasted a few charges.
You block the bone dragon's attack. The bone dragon misses you.
You block the bone dragon's attack.
A fierce wind blows from the fan.
The bone dragon slams into the rock wall!
The rakshasa collides with the smoke demon!
The ancient zyme collides with the starcursed mass!
A chorus of shrieks assaults your mind.
* * * LOW HITPOINT WARNING * * *
The smoke demon gestures at you. Something smites you!
* * * LOW HITPOINT WARNING * * *
You block the bone dragon's attack.
The bone dragon claws you but does no damage.
You block the bone dragon's attack.
Use which ability? (? or * to list)
You fail to use your ability.
A chorus of shrieks assaults your mind.
You die...

#.. # . #
### #. #@##
## X ##D# #
#####.. .5
#R## #.. .X
## X ##3## .
###.# #xX##
. 5# ...#
##X##. X##
....
#..#....###.
. ##.#§x5.
.... # ..5.
.#. ..


You could see a bone dragon, 2 starcursed masses, a rakshasa, an ancient zyme
and a smoke demon.

Vanquished Creatures
  Saint Roka (Elf:2)
  Rupert (Orc:3)
  2 tentacled starspawn (Abyss:1)
  Agnes (Elf:1)
  Kirke (Lair:8)
  A frost giant (IceCv)
  A deep elf sorcerer (Elf:1)
  Maud (Lair:7)
  An orc warlord (Elf:3)
  A deep elf annihilator (Elf:1)
  4 deep elf demonologists
  The ghost of Zebulonius the Eclecticist, a powerful DEFE of Vehumet (Orc:4)
  Snorg (D:13)
  A deep elf death mage (Elf:2)
  Erolcha (Orc:3)
  Josephine (D:10)
  4 vault guards (D:14)
  A yaktaur captain (D:15)
  An ice dragon (D:14)
  10 hydras
  The ghost of kae the Devastator, a powerful TeFE of Vehumet (Lair:1)
  16 dancing weapons (Elf:2)
  8 centaur warriors
  4 death yaks (Lair:8)
  2 orc high priests
  Sonja (D:12)
  21 deep elf knights
  2 unseen horrors
  An ice statue (IceCv)
  8 deep elf summoners
  3 hill giants
  Pikel (D:7)
  A wizard (D:14)
  3 ugly things
  A necromancer (Lair:6)
  15 deep elf conjurers
  16 orc knights
  2 orc sorcerers
  A black mamba (shapeshifter) (Elf:1)
  8 black mambas
  4 griffons
  3 cyclopes
  27 elephants
  2 smoke demons (Abyss:1)
  Joseph (D:7)
  5 centaur zombies
  3 molten gargoyles (Volcano)
  A torpor snail (Lair:5)
  An orange demon (Abyss:1)
  5 gargoyles
  26 spiny frogs
  3 efreet
  5 komodo dragons
  2 fire drakes
  3 kobold demonologists
  2 tengu conjurers (D:15)
  A yaktaur (D:15)
  2 hellwings (Abyss:1)
  3 small abominations
  2 two-headed ogres
  7 deep elf priests
  An ancient zyme (Abyss:1)
  18 polar bears
  7 trolls
  2 giant leeches
  28 blink frogs
  Prince Ribbit (Lair:2)
  2 trapdoor spiders (D:14)
  9 slime creatures (D:15)
  2 yaks (shapeshifter)
  45 yaks
  A redback (shapeshifter) (Elf:2)
  A tarantella (shapeshifter) (D:13)
  21 deep elf magi
  3 wraiths (D:10)
  2 wyverns
  A ynoxinul (Abyss:1)
  5 basilisks
  Eustachio (D:4)
  30 deep elf fighters
  3 shadows (D:15)
  A basilisk (shapeshifter) (Elf:2)
  2 fire elementals (Volcano)
  4 hogs
  3 hungry ghosts
  A vampire (D:12)
  27 wolves
  6 wargs (Orc:4)
  11 hippogriffs
  2 mottled dragons (D:12)
  2 swamp worms (Lair:5)
  11 porcupines
  A soldier ant (D:11)
  4 vampire mosquitoes
  17 water moccasins
  5 phantoms
  A sky beast (D:15)
  2 ice beasts
  2 eyes of draining (D:11)
  53 orc warriors
  2 necrophages (D:5)
  11 centaurs
  9 ogres
  18 crocodiles
  Blork the orc (D:5)
  5 big kobolds
  2 brain worms
  46 giant frogs
  A wyvern zombie (D:12)
  A wyvern skeleton (D:8)
  5 scorpions
  5 killer bees (D:12)
  7 electric eels
  16 wights
  17 jellies
  A giant frog zombie (D:11)
  4 crimson imps
  5 giant frog skeletons
  5 hounds
  Crazy Yiuf (D:6)
  Ijyb (D:3)
  31 orc wizards
  5 centaur skeletons
  27 orc priests
  9 iguanas
  9 worker ants
  26 sheep
  A crocodile zombie (Lair:6)
  2 worker ant zombies (D:8)
  Robin (D:2)
  40 river rats
  14 adders
  3 shadow imps
  3 adder zombies
  An adder skeleton (D:6)
  2 worms
  10 giant geckos
  179 orcs
  11 bats
  8 giant cockroaches
  15 goblins
  7 hobgoblins
  5 jackals
  8 quokkas
  5 ball pythons
  15 giant newts
  A jackal zombie (D:6)
  22 kobolds
  7 rats
  A spectral orc (D:8)
  A bush (Lair:1)
  3 crawling corpses (Elf:1)
  2 fire vortices (Volcano)
  74 fungi
  68 plants
  2 starspawn tentacles (Abyss:1)
1378 creatures vanquished.

Vanquished Creatures (collateral kills)
  A troll (D:15)
  2 river rats (Lair:7)
3 creatures vanquished.

Vanquished Creatures (others)
  A deep elf knight (Elf:3)
  An ice dragon skeleton (Abyss:1)
  A deep elf fighter (Elf:1)
  A worker ant (D:7)
  A river rat (Lair:5)
  2 bushes (Lair:8)
  13 fungi
  25 plants
  8 starspawn tentacles (Abyss:1)
  138 starspawn tentacle segments (Abyss:1)
191 creatures vanquished.

Grand Total: 1572 creatures vanquished

Notes
Turn   | Place    | Note
--------------------------------------------------------------
     0 | D:1      | karlkraus the Minotaur Fighter began the quest for the Orb.
     0 | D:1      | Reached XP level 1. HP: 19/19 MP: 0/0
   106 | D:1      | Reached XP level 2. HP: 18/27 MP: 1/1
   124 | D:1      | Reached skill level 4 in Armour
   900 | D:2      | Reached XP level 3. HP: 31/33 MP: 2/2
  1145 | D:2      | Noticed Robin
  1160 | D:2      | Killed Robin
  1165 | D:2      | Reached XP level 4. HP: 31/40 MP: 3/3
  1174 | D:2      | Found a shadowy altar of Dithmenos.
  1759 | D:3      | Reached skill level 1 in Dodging
  1866 | D:3      | Found a sparkling altar of Nemelex Xobeh.
  1961 | D:3      | Noticed Ijyb
  1967 | D:3      | Killed Ijyb
  2091 | D:3      | Reached XP level 5. HP: 40/47 MP: 4/4
  2260 | D:3      | Reached skill level 5 in Armour
  2477 | D:4      | Noticed Eustachio
  2489 | D:4      | Killed Eustachio
  2489 | D:4      | Reached XP level 6. HP: 43/53 MP: 5/5
  2542 | D:4      | Reached skill level 5 in Shields
  2779 | D:4      | Noticed a phantom
  2815 | D:4      | Killed a phantom
  2815 | D:4      | Reached skill level 5 in Fighting
  2815 | D:4      | Reached XP level 7. HP: 54/61 MP: 6/6
  2862 | D:4      | Noticed a phantom
  2901 | D:4      | Killed a phantom
  2901 | D:4      | Reached skill level 6 in Armour
  2927 | D:4      | Found a staircase to the Ecumenical Temple.
  3241 | Temple   | Entered the Ecumenical Temple
  3365 | Temple   | Became a worshipper of Qazlal Stormbringer
  3430 | D:5      | Entered Level 5 of the Dungeon
  3475 | D:5      | Found a glowing drain.
  3496 | Sewer    | Entered a sewer
  3643 | Sewer    | Acquired Qazlal's first power
  3734 | Sewer    | Got a translucent flail
  3747 | D:5      | Identified the +8 flail of the Rattle-Snake {venom, rElec rN+ Int+4} (You found it in a sewer)
  3776 | D:5      | Reached skill level 5 in Maces & Flails
  3785 | D:5      | Reached XP level 8. HP: 69/69 MP: 7/7
  3796 | D:5      | Reached skill level 5 in Dodging
  3822 | D:5      | Noticed Blork the orc
  3828 | D:5      | Killed Blork the orc
  3942 | D:5      | Reached skill level 7 in Armour
  4469 | D:6      | Found a glowing golden altar of the Shining One.
  4752 | D:6      | Found a radiant altar of Vehumet.
  4989 | D:6      | Noticed Crazy Yiuf
  4994 | D:6      | Killed Crazy Yiuf
  5096 | D:7      | Reached XP level 9. HP: 70/78 MP: 8/8
  5191 | D:7      | Noticed Pikel
  5197 | D:7      | Killed Pikel
  5372 | D:7      | Noticed Joseph
  5387 | D:7      | Killed Joseph
  5387 | D:7      | Reached skill level 8 in Maces & Flails
  5629 | D:8      | Acquired Qazlal's second power
  5820 | D:8      | Noticed a centaur zombie
  5828 | D:8      | Killed a centaur zombie
  5828 | D:8      | Reached XP level 10. HP: 88/88 MP: 9/9
  6201 | D:8      | Reached skill level 9 in Shields
  6226 | D:8      | Found a basalt altar of Yredelemnul.
  6571 | D:9      | Acquired Qazlal's third power
  6866 | D:10     | Entered Level 10 of the Dungeon
  7130 | D:10     | Found Koiqimev's Armour Shoppe.
  7275 | D:10     | Noticed Josephine
  7287 | D:10     | Killed Josephine
  7287 | D:10     | Reached skill level 10 in Shields
  7486 | D:10     | Found Niahie Vekh's Weapon Shoppe.
  7909 | D:11     | Reached skill level 10 in Maces & Flails
  7927 | D:11     | Noticed a hill giant
  7933 | D:11     | Killed a hill giant
  7934 | D:11     | Noticed a five-headed hydra
  7942 | D:11     | Killed a five-headed hydra
  7942 | D:11     | Reached XP level 11. HP: 60/97 MP: 6/10
  7963 | D:11     | Gained mutation: You are dopey. (Int -2) [potion of mutation]
  7963 | D:11     | Gained mutation: You can spit weak poison. [potion of mutation]
  7963 | D:11     | Gained mutation: You are weak. (Str -2) [potion of mutation]
  7973 | D:11     | Found a staircase to the Lair.
  8025 | D:11     | Acquired Qazlal's fourth power
  8041 | D:11     | Lost mutation: You can spit weak poison. [potion of mutation]
  8041 | D:11     | Gained mutation: Your flesh is cold resistant. [potion of mutation]
  8108 | D:11     | Found a staircase to the Orcish Mines.
  8233 | D:11     | Noticed a brown ugly thing
  8246 | D:11     | Killed a brown ugly thing
  8252 | D:11     | Gained mutation: You can spit weak poison. [mutagenic meat]
  8253 | D:11     | Gained mutation: You can spit poison. [mutagenic meat]
  8267 | D:11     | Noticed a hill giant
  8274 | D:11     | Killed a hill giant
  8306 | D:11     | Killed an unseen horror
  8306 | D:11     | Reached skill level 11 in Shields
  8706 | Orc:1    | Entered Level 1 of the Orcish Mines
  8741 | Orc:1    | Acquired Qazlal's fifth power
  9059 | Orc:2    | Found Ihoesodu's Food Emporium.
  9194 | Orc:2    | Reached skill level 10 in Fighting
  9216 | Orc:2    | Noticed an ice devil
  9226 | Orc:2    | Killed an ice devil
  9781 | Orc:3    | Noticed Rupert
  9783 | Orc:3    | Paralysed by Rupert for 4 turns
  9798 | Orc:3    | Noticed Erolcha
  9799 | Orc:3    | Killed Rupert
  9799 | Orc:3    | Reached skill level 12 in Maces & Flails
  9799 | Orc:3    | Reached XP level 12. HP: 77/107 MP: 11/11
  9812 | Orc:3    | Killed Erolcha
  9812 | Orc:3    | Reached skill level 10 in Armour
  9896 | Orc:3    | Found a staircase to the Elven Halls.
 10091 | Orc:3    | Noticed an orc high priest
 10113 | Orc:3    | Killed an orc high priest
 10114 | Orc:3    | Found a roughly hewn altar of Beogh.
 10406 | Orc:4    | Entered Level 4 of the Orcish Mines
 10484 | Orc:4    | Noticed Zebulonius's ghost (powerful DEFE)
 10498 | Orc:4    | Killed Zebulonius's ghost
 10562 | Orc:4    | Reached skill level 13 in Shields
 10913 | Orc:4    | Found a roughly hewn altar of Beogh.
 10924 | Orc:4    | Found Zan Gim's Book Shoppe.
 10924 | Orc:4    | Found Yrierch's Distillery.
 10978 | Orc:4    | Bought a potion of poison for 17 gold pieces
 10978 | Orc:4    | Bought 2 potions of degeneration for 34 gold pieces
 10978 | Orc:4    | Bought a potion of beneficial mutation for 595 gold pieces
 10978 | Orc:4    | Bought a potion of might for 68 gold pieces
 10978 | Orc:4    | Bought 2 potions of berserk rage for 170 gold pieces
 10980 | Orc:4    | Gained mutation: You possess an exceptional clarity of mind. [potion of beneficial mutation]
 10981 | Orc:4    | Gained mutation: You have a somewhat thin skeletal structure (Dex +2, Stealth). [potion of beneficial mutation]
 11188 | Orc:4    | Found Atanneufi's Armour Shoppe.
 11188 | Orc:4    | Found Kelin's Book Boutique.
 11192 | Orc:4    | Bought a +0 pair of boots for 58 gold pieces
 11635 | Lair:1   | Entered Level 1 of the Lair of Beasts
 11724 | Lair:1   | Noticed kae's ghost (powerful TeFE)
 11730 | Lair:1   | Killed kae's ghost
 11750 | Lair:1   | Noticed a six-headed hydra
 11760 | Lair:1   | Killed a six-headed hydra
 11760 | Lair:1   | Reached XP level 13. HP: 91/116 MP: 12/12
 12429 | Lair:2   | Noticed Prince Ribbit
 12432 | Lair:2   | Killed Prince Ribbit
 12531 | Lair:2   | Found a dark tunnel.
 12542 | Volcano  | Entered a volcano
 12609 | Volcano  | Reached skill level 14 in Shields
 13702 | Lair:3   | Got an aquamarine-encrusted ring mail
 15214 | Lair:5   | Reached skill level 15 in Shields
 15263 | Lair:5   | Found a staircase to the Snake Pit.
 15382 | Lair:5   | Found a staircase to the Swamp.
 15857 | Lair:6   | Reached skill level 15 in Maces & Flails
 15979 | Lair:6   | Reached XP level 14. HP: 121/127 MP: 13/13
 16732 | Lair:7   | Reached skill level 16 in Shields
 16755 | Lair:7   | Noticed Maud
 16768 | Lair:7   | Killed Maud
 16818 | Lair:7   | Reached skill level 1 in Invocations
 17420 | Lair:8   | Entered Level 8 of the Lair of Beasts
 17466 | Lair:8   | Reached skill level 17 in Shields
 17491 | Lair:8   | Noticed Kirke
 17522 | Lair:7   | HP: 6/129 [blink frog (13)]
 18273 | Lair:7   | Reached XP level 15. HP: 134/136 MP: 14/14
 18502 | Lair:8   | Killed Kirke
 18670 | Lair:8   | Reached skill level 1 in Unarmed Combat
 18811 | Lair:8   | Found a staircase to the Slime Pits.
 19441 | Lair:8   | Identified the +4 ring mail of Conscience {*Drain Regen+ Dex+5 Stlth+} (You found it on level 3 of the Lair of Beasts)
 19524 | Slime:1  | Entered Level 1 of the Pits of Slime
 19524 | Slime:1  | Noticed an acid blob
 19524 | Slime:1  | Noticed an acid blob
 20134 | D:12     | Noticed Sonja
 20143 | D:12     | Killed Sonja
 20198 | D:12     | Lost mutation: You are dopey. (Int -2) [potion of beneficial mutation]
 20249 | D:12     | Found a shattered altar of Ashenzari.
 20603 | D:13     | Found Nutirr's Gadget Shoppe.
 20714 | D:13     | Noticed Snorg
 20728 | D:13     | Killed Snorg
 20740 | D:13     | Gained mutation: You are agile. (Dex +2) [mutagenic meat]
 20741 | D:13     | Gained mutation: You have a pair of large horns on your head. [mutagenic meat]
 20830 | D:13     | Reached skill level 18 in Shields
 21626 | D:14     | Found a white marble altar of Elyvilon.
 21710 | D:14     | Found a gate to the Vaults.
 21907 | D:14     | Found a frozen archway.
 21946 | IceCv    | Entered an ice cave
 22324 | IceCv    | Reached XP level 16. HP: 147/147 MP: 15/15
 22383 | IceCv    | Got an ancient glaive
 22384 | IceCv    | Identified the +7 glaive of Unoeh {venom, rF+ rN+} (You found it in an ice cave)
 22674 | D:14     | Gained mutation: Your mind is acute. (Int +2) [potion of beneficial mutation]
 22729 | D:15     | Entered Level 15 of the Dungeon
 22795 | D:15     | Got a smoking ring mail
 22830 | D:15     | Reached skill level 19 in Shields
 22831 | D:15     | Found a staircase to the Depths.
 23758 | Elf:1    | Entered Level 1 of the Elven Halls
 23781 | Elf:1    | Noticed Agnes
 23800 | Elf:1    | Killed Agnes
 24311 | Elf:1    | Found a radiant altar of Vehumet.
 24667 | Elf:2    | Noticed an Ice Fiend
 24954 | Elf:2    | Noticed a Hell Sentinel
 24966 | Elf:2    | Noticed an Executioner
 24972 | Elf:2    | Reached skill level 20 in Shields
 25039 | Elf:2    | Noticed Saint Roka
 25040 | Elf:2    | Found a runed gate.
 25040 | Elf:2    | Found a runed gate.
 25040 | Elf:2    | Found a runed gate.
 25058 | Elf:2    | Killed Saint Roka
 25073 | Elf:2    | Noticed a Hell Sentinel
 25097 | Elf:2    | Reached skill level 15 in Fighting
 25115 | Elf:2    | Lost mutation: You can spit poison. [mutagenic meat]
 25591 | Elf:2    | Reached XP level 17. HP: 120/156 MP: 16/16
 25938 | Elf:2    | Reached skill level 21 in Shields
 26487 | Elf:3    | Entered Level 3 of the Elven Halls
 26520 | Elf:3    | Found Vipuch's Assorted Antiques.
 26531 | Elf:3    | Bought a scroll labeled ZOEZIXKO GEKK for 38 gold pieces
 26540 | Elf:3    | Got a scorched plate armour
 26551 | Elf:3    | Identified the +1 plate armour of Hemuptym {Stlth+} (You acquired it on level 3 of the Elven Halls)
 26936 | Elf:3    | Found a roughly hewn altar of Beogh.
 27184 | Elf:3    | Noticed a Brimstone Fiend
 27230 | Elf:3    | Cast into the Abyss (a deep elf demonologist)
 27249 | Abyss:1  | Found a corrupted altar of Lugonu.
 27333 | Abyss:1  | Found a corrupted altar of Lugonu.
 27468 | Abyss:1  | Noticed a bone dragon
 27510 | Abyss:1  | Killed from afar by a starcursed mass

Vault maps used:
D:1:      sevenhm_arrival_forest_fort_small_5
D:2:      nicolae_overflow_hidden_temple, uniq_robin
D:3:      nicolae_overflow_crystal_walls, uniq_iyjb
D:4:      lemuel_upstairs_altar, minmay_temple_entry_nine_rooms, first_bread,
          hangedman_abyss_or_decor_lesser_grid, uniq_eustachio
D:5:      portal_sewer_entry_a, hangedman_abyss_or_decor_stagger,
          uniq_blork_the_orc
D:6:      lemuel_coloured_pillars_altar, basic_altar, minmay_misc_feat_five,
          hangedman_abyss_or_decor_passed, uniq_crazy_yiuf_cottage
D:7:      uniq_pikel, uniq_joseph
D:8:      yredelemnul_forgotten_temple_becter
D:9:      grunt_pizzeria
D:10:     serial_shops, shop, shop, uniq_josephine
D:11:     lair_0_dummy, hiddenorc1_lemuel
D:12:     evilmike_ruin_ashenzari, uniq_sonja
D:13:     serial_shops, nicolae_shop_statue_plus, uniq_snorg
D:14:     lightli_vaults_fourway_checkpoint,
          portal_ice_cave_entry_animals_and_master, elyvilon_altar_5
D:15:     grunt_enter_depths_snipers
Temple:   triangle_lava_temple_11
Lair:1:   serial_forest, infiniplex_forest_lined_4_way,
          infiniplex_forest_straight_2, infiniplex_forest_lined_2,
          infiniplex_forest_lined_room_2, infiniplex_forest_clump_cross,
          infiniplex_forest_diagonal, infiniplex_forest_side_room,
          infiniplex_forest_lined_3, infiniplex_forest_corner_2
Lair:2:   enter_volcano_2, uniq_prince_ribbit2
Lair:3:   bh_autumn_forest_stairs
Lair:4:   hangedman_lair_unloving_vines, st_stairs_5
Lair:5:   minmay_swamp_entry_worms, dummy_snake_entry
Lair:6:   pond_and_an_island_with_a_cottage
Lair:7:   serial_bayou_shore_a, uniq_maud
Lair:8:   minmay_lair_end_frog_pond, minmay_slime_entry_jelly_boxes,
          st_stairs_10, uniq_kirke
Orc:2:    serial_shops, nicolae_shop_scaring_up_business,
          nicolae_orc_pool_cavern
Orc:3:    bh_open_orc_temple, uniq_rupert, uniq_erolcha
Orc:4:    st_orc_town
Elf:1:    basic_altar, hangedman_elf_represent, uniq_agnes
Elf:2:    uniq_saint_roka
Elf:3:    elf_hall, special_room, serial_shops, shop_coins
Sewer:    sewer_frog_island_01
IceCv:    ice_cave_small_giant
Volcano:  volcano_aerie

Action                   |  1- 3 |  4- 6 |  7- 9 | 10-12 | 13-15 | 16-18 || total
-------------------------+-------+-------+-------+-------+-------+-------++-------
Melee: Flail             |    87 |   100 |   147 |   766 |  1404 |   904 ||  3408
       Mace              |       |    42 |    71 |       |       |       ||   113
       Unarmed           |       |       |       |       |    45 |       ||    45
Invok: Elemental Force   |       |       |       |       |     1 |       ||     1
Evoke: Wand              |       |       |       |       |     1 |     2 ||     3
       Lamp of fire      |       |       |       |       |       |     1 ||     1
       Fan of gales      |       |       |       |       |       |     1 ||     1
  Use: Scroll            |       |    12 |     7 |    10 |    20 |    14 ||    63
       Potion            |       |       |       |     7 |     4 |    11 ||    22
 Stab: Invisible         |       |       |       |       |       |     2 ||     2
  Eat: Chunk             |       |     6 |     8 |    20 |    34 |    17 ||    85
       Beef jerky        |       |       |     1 |       |     1 |       ||     2
       Fruit             |       |       |       |     3 |     3 |     2 ||     8
